 Dungeon Crawl Stone Soup version 0.27-a0-972-gd1521fd518 (webtiles) character file.

Game seed: 18233361772318951829

85 siradein the Magician (level 4, 0/31 HPs)
             Began as a Djinni Ice Elementalist on Apr 13, 2021.
             Slain by a centaur (3 damage)
             ... on level 3 of the Dungeon.
             The game lasted 00:07:53 (2822 turns).

siradein the Magician (Djinni Ice Elementalist)     Turns: 2822, Time: 00:07:54

Health: 0/31       AC:  3    Str:  7    XL:     4   Next: 48%
Gold:   66         EV: 12    Int: 17    God:
                   SH:  0    Dex: 14

rFire    + + .     SeeInvis .   (no weapon)
rCold    x . .     Faith    .   (no shield)
rNeg     . . .     Spirit   .   a - +0 robe
rPois    ∞         Reflect  .   (no helmet)
rElec    .         Harm     .   k - +0 cloak
rCorr    .         Rampage  .   (no gloves)
Will     .....                  (boots unavailable)
Stlth    ++........             (no amulet)
HPRegen  0.10/turn              (no ring)
MPRegen  0.00/turn              (no ring)

@: freezing walls, flying
A: fire resistance 2, cold vulnerability 1, float, innate caster, hp casting,
extra vitality 1
a: no special abilities


You were on level 3 of the Dungeon.
You visited 1 branch of the dungeon, and saw 3 of its levels.

You collected 66 gold pieces.

Inventory:

Armour
 a - a +0 robe (worn)
 k - a +0 cloak (worn)
Scrolls
 c - a scroll of identify {unknown}
 d - a scroll of teleportation {unknown}
 e - a scroll of brand weapon {unknown}
 g - a scroll of amnesia {unknown}
 h - a scroll of noise {unknown}
 i - a scroll of holy word {unknown}
Potions
 b - 2 potions of heal wounds {unknown}
 f - 2 potions of mutation {unknown}
 j - a potion of haste {unknown}


   Skills:
 - Level 2.1 Dodging
 - Level 1.5 Stealth
 + Level 5.0 Spellcasting


You couldn't memorise any spells.
You knew the following spells:

 Your Spells              Type           Power      Damage    Failure   Level
a - Freeze                Ice            84%        1d10      1%          1
b - Frozen Ramparts       Ice            42%        1d6       5%          3
c - Ozocubu's Armour      Ice            21%        N/A       5%          3
d - Hailstorm             Conj/Ice       21%        3d6       17%         4
e - Metabolic Englaciati  Hex/Ice        10%        N/A       43%         5
f - Animate Skeleton      Necr           42%        N/A       1%          1
Your spell library was empty.

Dungeon Overview and Level Annotations

Branches:
Dungeon (3/15)

Altars:
Okawaru


Innate Abilities, Weirdness & Mutations

You are immune to poison.
Your flesh is very heat resistant. (rF++)
You are vulnerable to cold. (rC-)
You float through the air rather than walking.
You learn spells naturally, not from books.
Your magical power is your life essence.
You have superior vitality. (+4 HP)


Message History

Aim: a hobgoblin (lightly wounded)
You freeze the hobgoblin.
You kill the hobgoblin!
Unknown command.
A centaur is nearby!
The centaur shouts!
The centaur shoots an arrow.
The arrow closely misses you.
The centaur shoots an arrow.
The arrow hits you!
The centaur shoots an arrow.
The arrow barely misses you.
You start resting.
A centaur is nearby!
Casting: Freeze (safe; 1% risk of failure)
Confirm with . or Enter, or press ? or * to list all spells.
Casting: Frozen Ramparts (dangerous; 5% risk of failure)
Press: ? - help, Dir - look around, f - activate The walls around you are covered in ice.
The wall freezes the centaur.
The centaur unwields a +0 shortbow.
The centaur hits you.
The centaur kicks you but does no damage.
The wall freezes the centaur.
The centaur hits you.
The centaur kicks you but does no damage.
Aiming: Freeze (safe; 1% risk of failure)
Press: ? - help, Q - select action, (/) - cycle Shift-Dir - straight line, f - centaur
Aim: a centaur, quivering arrows (lightly wounded)
You freeze the centaur.
The centaur is moderately wounded.
The wall freezes the centaur but does no damage.
The centaur hits you but does no damage.
The centaur closely misses you.
Aiming: Freeze (safe; 1% risk of failure)
Press: ? - help, Q - select action, (/) - cycle Shift-Dir - straight line, f/p - centaur
Aim: a centaur, quivering arrows (moderately wounded)
You freeze the centaur.
The centaur is heavily wounded.
* * * LOW HITPOINT WARNING * * *
The wall freezes the centaur but does no damage.
The centaur hits you.
* * * LOW HITPOINT WARNING * * *
The centaur kicks you.
You die...

#............# #.#
#.........g..#...#
####..........<....##
#...c...............#
######.....#####...#.....##+##
...........##......#..cg......
#.........#.#....#..........
#.........#.#....######.....
#.........#@#.####.......# .
##.........c.#............#..
..............................
........##†................###
...................).......#
.........#.........#(......#
...#.....#.........###<.##....
...#.....#.........# ##.# ....
.. ......#.......... .# ...


You could see a centaur.

Vanquished Creatures
  3 adders
  4 dart slugs
  2 bats
  2 endoplasms (D:1)
  5 goblins
  3 hobgoblins
  7 jackals (D:2)
  3 kobolds
  5 quokkas
  6 ball pythons
  4 frilled lizards
  3 rats (D:2)
47 creatures vanquished.

Notes
Turn   | Place    | Note
-------+----------+-------------------------------------------
     0 | D:1      | siradein the Djinni Ice Elementalist began the quest for
                  | the Orb.
     0 | D:1      | Reached XP level 1. HP: 15/15 MP: 0/0
   299 | D:1      | Reached XP level 2. HP: 16/21 MP: 0/0
   374 | D:1      | Reached skill level 4 in Spellcasting
   848 | D:1      | Reached XP level 3. HP: 22/25 MP: 0/0
   848 | D:1      | Learned a level 1 spell: Animate Skeleton
   902 | D:1      | Found a faded altar of an unknown god.
  1290 | D:2      | Found an iron altar of Okawaru.
  1854 | D:2      | Reached XP level 4. HP: 17/31 MP: 0/0
  2282 | D:3      | Reached skill level 5 in Spellcasting
  2400 | D:3      | Noticed a centaur
  2822 | D:3      | Slain by a centaur

Illustrated notes

Levels and vault maps discovered:
D:1:      dpeg_arrival_houses_and_road, layout_basic,
          ebering_ecumenical_altar_hall, serial_forest,
          infiniplex_forest_straight_2, infiniplex_forest_diagonal,
          infiniplex_forest_pool, infiniplex_forest_join,
          infiniplex_forest_lined_corner, infiniplex_forest_lined_room_2,
          infiniplex_forest_clump_medium, infiniplex_forest_end_3
D:2:      layout_rooms, basic_altar
D:3:      layout_basic

Skill      XL: |  1  2  3  4 |
---------------+-------------+-----
Spellcasting   | 4 5 |  5.0
Dodging        | |  2.1
Stealth        | |  1.5

Action                   |  1- 3 |  4- 6 || total
-------------------------+-------+-------++-------
 Cast: Freeze            |    60 |    20 ||    80
       Animate Skeleton  |     1 |       ||     1
       Frozen Ramparts   |       |     2 ||     2
Armor: Robe              |    12 |     5 ||    17
Dodge: Dodged            |    37 |    19 ||    56

Table legend: (Time is in decaauts)
 A = Elapsed time spent in this place.
 B = Non-inter-level travel time spent in this place.
 C = Inter-level travel time spent in this place.
 D = Time resting spent in this place.
 E = Time spent auto-exploring this place.
 F = Levels seen in this place.
 G = Mean time per level.
                   A        B        C        D        E       F      G
               +--------+--------+--------+--------+--------+-----+--------+
         Total |   2823 |   2800 |     23 |    314 |   2172 |   3 |  941.0 |
       Dungeon |   2823 |   2800 |     23 |    314 |   2172 |   3 |  941.0 |
               +--------+--------+--------+--------+--------+-----+--------+

Top non-repeatable levels by time:
     D:1: 1290 daAuts
     D:2: 1274 daAuts
     D:3: 258 daAuts
